 Dungeon Crawl Stone Soup version 0.17-a0-2073-gde5cdba (webtiles) character file.

73750 George the Fencer (level 15, -3/136 HPs)
             Began as a Minotaur Fighter on Oct 14, 2015.
             Was a High Priest of the Shining One.
             Slain by a wolf spider (19 damage)
             ... on level 1 of the Spider Nest.
             The game lasted 01:05:19 (25455 turns).

George the Fencer (Minotaur Fighter)               Turns: 25455, Time: 01:05:20

Health: -3/136     AC: -8    Str: 23    XL:     15   Next: 4%
Magic:  0/22       EV:  6    Int:  9    God:    the Shining One [*****.]
Gold:   954        SH: 32    Dex: 14    Spells: 1 memorised, 12 levels left

rFire  + + .     SeeInvis .     Q - +2 long sword (slice)
rCold  + . .     Clarity  .     y - +2 chain mail {rPois}
rNeg   + + .     SustAt   .     V - +2 large shield
rPois  +         Gourm    .     P - +2 hat
rElec  .         Spirit   +     b - +0 cloak (curse)
rCorr  .         Warding  .     g - +2 pair of gloves
rMut   .         Stasis   .     L - +0 pair of boots of the Orb Guardian {rF+ Int+4}
MR     +....                    C - amulet of guardian spirit
Stlth  ..........               H - ring of protection from fire
                                (no ring)

@: divine shield, corroded equipment, glowing, somewhat resistant to hostile
enchantments, extremely unstealthy
A: retaliatory headbutt, horns 2, cold resistance 1
a: Divine Shield, Cleansing Flame, Summon Divine Warrior, Renounce Religion


You were on level 1 of the Spider Nest.
You worshipped the Shining One.
The Shining One was extremely pleased with you.
You were very hungry.

You visited 5 branches of the dungeon, and saw 26 of its levels.

You collected 2591 gold pieces.
You spent 1637 gold pieces at shops.

Inventory:

Hand Weapons
 a - a +1 scimitar of holy wrath
 Q - a +2 long sword of slicing (weapon)
 S - a +0 short sword of speed
Armour
 b - a cursed +0 cloak (worn)
 g - a +2 pair of gloves (worn)
 h - the +0 ring mail "Aptamemm" {rCorr MP+9 Dex+3}
   (You found it on level 8 of the Lair of Beasts)

   It affects your dexterity (+3).
   It affects your magic capacity (+9).
   It protects you from acid and corrosion.
 y - a +2 chain mail of poison resistance (worn)
 L - the +0 pair of boots of the Orb Guardian (worn) {rF+ Int+4}
   (You acquired it on level 4 of the Orcish Mines)

   It affects your intelligence (+4).
   It protects you from fire.
 P - a +2 hat (worn)
 V - a +2 large shield (worn)
 W - the +4 plate armour of Hysteria {rC+ MP+9 Int+4 Dex-5}
   (You acquired it on level 4 of the Orcish Mines)

   It affects your intelligence (+4).
   It affects your dexterity (-5).
   It protects you from cold.
   It affects your magic capacity (+9).
Jewellery
 u - an uncursed amulet of resist mutation
 z - an uncursed ring of teleportation
 C - an amulet of guardian spirit (around neck)
 H - a ring of protection from fire (right hand)
Wands
 l - a wand of slowing (21)
 r - a wand of confusion (36)
 v - a wand of disintegration (24)
 N - a wand of teleportation (4)
 O - a wand of slowing (17)
 U - a wand of digging (10)
 X - a wand of fire (0)
Scrolls
 i - 7 scrolls of fear
 s - 6 scrolls of enchant armour
 t - 3 scrolls of magic mapping
 E - a scroll of enchant weapon
 F - 4 scrolls of blinking
 I - 5 scrolls of recharging
 K - 3 scrolls of fog
 T - 3 scrolls of remove curse
 Y - 11 scrolls of identify
 Z - 3 scrolls of teleportation
Potions
 j - 3 potions of haste
 k - a potion of ambrosia
 m - 11 potions of curing
 n - 6 potions of heal wounds
 o - 4 potions of might
 D - a potion of magic
 R - 6 potions of flight
Books
 B - a book of the Tempests

   Spells                             Type                      Level
   a - Static Discharge               Conjuration/Air              3
   b - Lightning Bolt                 Conjuration/Air              5
   c - Fireball                       Conjuration/Fire             5
   d - Tornado                        Air                          9
   e - Shatter                        Earth                        9
Comestibles
 d - 4 beef jerkies
 e - 15 bread rations
 q - 9 meat rations
 w - a royal jelly
 A - 18 fruits
 G - 3 slices of pizza


   Skills:
 + Level 13.6 Fighting
 + Level 16.7 Long Blades
 + Level 13.9 Armour
 + Level 13.8 Shields
 + Level 11.4 Invocations


You had 12 spell levels left.
You knew the following spells:

 Your Spells              Type           Power        Failure   Level  Hunger
a - Blink                 Tloc           N/A          100%        2    ###....


Dungeon Overview and Level Annotations

Branches:
Dungeon (11/15)            Temple (1/1) D:5            Lair (8/8) D:11
  Swamp (0/4) Lair:4       Spider (2/4) Lair:4        Slime (0/6) Lair:7
    Orc (4/4) D:11            Elf (0/3) Orc:4

Altars:
Ashenzari
Cheibriados
Dithmenos
Elyvilon
Fedhas
Gozag
Kikubaaqudgha
Makhleb
Nemelex Xobeh
Okawaru
Qazlal
Ru
Sif Muna
Trog
Vehumet
Xom
Yredelemnul
Zin
The Shining One
Beogh
Jiyva

Shops:
D:5 (   D:6 *   D:9 %   Orc:4 =(?!*


Innate Abilities, Weirdness & Mutations

You reflexively headbutt those who attack you in melee.
You have a pair of horns on your head.
Your flesh is cold resistant.


Message History

You block the demonic crawler's attack. x3
The entropy weaver screams the final syllables of the word of entropy!
The word of entropy corrodes you! You block the demonic crawler's attack.
The demonic crawler hits you!
* * * LOW HITPOINT WARNING * * *
The demonic crawler hits you.
* * * LOW HITPOINT WARNING * * *
Drink which item? (? for menu, Esc to quit)
You feel much better. You block the demonic crawler's attack.
You block the demonic crawler's attack. The demonic crawler hits you.
* * * LOW HITPOINT WARNING * * *
You block the wolf spider's attack. The wolf spider bites you!
* * * LOW HITPOINT WARNING * * *
Use which ability?
You don't have enough magic at the moment.
You block the demonic crawler's attack. x2
The demonic crawler hits you.
* * * LOW HITPOINT WARNING * * *
The wolf spider hits you!!
You die...

##..# #..... #..## ##..##
#..# ##... ####..## #...
#..#...# ##.. #......# ###
#.....## ##..### ##### #..@##
######
##...#####.ss.###....####
#.....#...#....#........##
#................#†##.^..##
#....#.#...#.#..#######..>###
##...###...#p.........##....#
##...#....##.#........##...#
#..##.....#....^......##...
##..###.)...........#..#....


You could see an entropy weaver, a demonic crawler and a wolf spider.

Vanquished Creatures
  Gastronok (D:11)
  Nessos (Orc:3)
  The ghost of pk666 the Cleaver, a journeyman MiFi of Okawaru (Lair:5)
  A deep elf death mage (Orc:4)
  9 hydras
  5 catoblepae
  14 death yaks
  2 orc high priests (Orc:4)
  Nergalle (D:11)
  2 orc knights (Orc:4)
  An orc sorcerer (Orc:4)
  An ugly thing (D:10)
  4 wolf spiders
  A moth of wrath (Spider:1)
  An orb spider (Spider:1)
  7 black mambas
  A gargoyle (D:10)
  10 elephants
  Joseph (D:8)
  A torpor snail (Spider:1)
  14 spiny frogs
  2 centaur skeletons (D:11)
  9 komodo dragons
  4 demonic crawlers (Spider:1)
  2 fire drakes
  5 trolls
  A jumping spider (Spider:2)
  Prince Ribbit (D:5)
  11 blink frogs
  A wraith (D:11)
  5 trapdoor spiders (Spider:1)
  Sigmund (D:2)
  A fire elemental (Lair:6)
  10 redbacks
  3 basilisks
  A hungry ghost (D:7)
  37 yaks
  A wyvern (Lair:6)
  12 wolves
  11 hippogriffs
  2 wargs
  Edmund (D:5)
  11 water moccasins
  2 soldier ants (D:11)
  14 porcupines
  Duvessa (D:7)
  3 ice beasts
  A necrophage (D:11)
  A phantom (D:5)
  24 orc warriors
  2 sky beasts
  13 ogres
  2 black bears
  11 centaurs
  2 spiders
  16 crocodiles
  14 giant frogs
  A brain worm (Lair:7)
  3 big kobolds
  2 scorpions
  Dowan (D:7)
  3 electric eels
  A lava snake (Lair:6)
  5 jellies
  5 wights (D:11)
  A centaur zombie (D:7)
  A giant frog zombie (D:10)
  A giant frog skeleton (D:5)
  6 hounds
  7 iguanas
  Crazy Yiuf (D:3)
  21 orc priests
  4 crimson imps
  26 orc wizards
  Jessica (D:3)
  Natasha (thrice) (D:2)
  A gnoll shaman (Orc:1)
  5 worker ants
  24 sheep
  A hound skeleton (D:6)
  Robin (D:2)
  5 worker ant zombies
  3 gnolls (D:7)
  6 adders
  18 river rats
  2 shadow imps
  An adder skeleton (D:9)
  An adder zombie (D:6)
  4 worms
  8 giant geckos
  146 orcs
  2 ball pythons
  5 bats
  2 giant cockroaches
  20 goblins
  12 hobgoblins
  12 jackals
  23 kobolds
  4 quokkas
  A giant gecko skeleton (D:5)
  6 giant newts
  A jackal zombie (D:8)
  9 rats
  A fungus (Lair:3)
734 creatures vanquished.

Vanquished Creatures (collateral kills)
  An orc high priest (Orc:4)
  2 orc knights (Orc:4)
  3 orc sorcerers (Orc:4)
  An orc warrior (Orc:4)
  An orc wizard (Orc:4)
  An orc priest (Orc:4)
9 creatures vanquished.

Vanquished Creatures (others)
  An orc priest (Orc:4)
  64 fungi
  27 plants
92 creatures vanquished.

Grand Total: 835 creatures vanquished

Notes
Turn   | Place    | Note
--------------------------------------------------------------
     0 | D:1      | George the Minotaur Fighter began the quest for the Orb.
     0 | D:1      | Reached XP level 1. HP: 19/19 MP: 0/0
   210 | D:1      | Found a sparkling altar of Nemelex Xobeh.
   292 | D:1      | Reached XP level 2. HP: 17/26 MP: 1/1
   701 | D:2      | Noticed Sigmund
   706 | D:2      | Reached skill level 4 in Long Blades
   931 | D:2      | Killed Sigmund
   931 | D:2      | Reached skill level 6 in Long Blades
   931 | D:2      | Reached XP level 3. HP: 23/31 MP: 2/2
   931 | D:2      | Reached XP level 4. HP: 28/39 MP: 3/3
   931 | D:2      | Reached XP level 5. HP: 32/45 MP: 4/4
   976 | D:2      | Noticed Natasha
   982 | D:2      | Killed Natasha
   982 | D:2      | Reached skill level 7 in Long Blades
  1259 | D:2      | Noticed Natasha
  1263 | D:2      | Killed Natasha
  1288 | D:2      | Noticed Robin
  1312 | D:2      | Killed Robin
  1368 | D:2      | Noticed Natasha
  1378 | D:2      | Killed Natasha
  1481 | D:3      | Reached XP level 6. HP: 51/51 MP: 5/5
  1523 | D:3      | Noticed an ogre
  1527 | D:3      | Noticed an ogre
  1639 | D:2      | Killed an ogre
  1639 | D:2      | Reached skill level 8 in Long Blades
  1959 | D:3      | Noticed Jessica
  1972 | D:3      | Killed Jessica
  1984 | D:3      | Found a deep blue altar of Sif Muna.
  2024 | D:3      | Found a glowing silver altar of Zin.
  2108 | D:3      | Killed an ogre
  2108 | D:3      | Reached skill level 9 in Long Blades
  2390 | D:3      | Reached XP level 7. HP: 42/57 MP: 6/6
  2651 | D:3      | Noticed Crazy Yiuf
  2656 | D:3      | Killed Crazy Yiuf
  3402 | D:5      | Entered Level 5 of the Dungeon
  3405 | D:5      | Noticed Edmund
  3428 | D:5      | Noticed Prince Ribbit
  3449 | D:5      | Killed Prince Ribbit
  3449 | D:5      | Reached skill level 10 in Long Blades
  3461 | D:5      | Killed Edmund
  3537 | D:5      | Reached skill level 11 in Long Blades
  3641 | D:5      | Found Zuthrioh's Antique Weapon Shoppe.
  3676 | D:5      | Found a staircase to the Ecumenical Temple.
  3689 | D:5      | Reached XP level 8. HP: 64/64 MP: 7/7
  3696 | Temple   | Entered the Ecumenical Temple
  3756 | Temple   | Became a worshipper of the Shining One
  4049 | D:5      | Reached skill level 1 in Invocations
  4404 | D:5      | Found a burning altar of Makhleb.
  4955 | D:6      | Reached skill level 5 in Fighting
  4965 | D:6      | Reached skill level 5 in Armour
  5032 | D:6      | Reached * piety under the Shining One
  5032 | D:6      | Reached skill level 5 in Shields
  5038 | D:6      | Found a shimmering altar of Xom.
  5142 | D:6      | Found Ahun's Assorted Antiques.
  5164 | D:6      | Found a basalt altar of Yredelemnul.
  5500 | D:6      | Found a radiant altar of Vehumet.
  5516 | D:6      | Found a snail-covered altar of Cheibriados.
  5698 | D:6      | Reached XP level 9. HP: 71/74 MP: 10/10
  5880 | D:6      | Bought a scroll labeled YSTOPP ZIHUST for 27 gold pieces
  6464 | D:7      | Noticed Dowan
  6465 | D:7      | Noticed Duvessa
  6473 | D:7      | Killed Dowan
  6481 | D:7      | Killed Duvessa
  6919 | D:8      | Reached ** piety under the Shining One
  7001 | D:8      | Noticed Joseph
  7129 | D:8      | Killed Joseph
  7129 | D:8      | Reached skill level 12 in Long Blades
  7143 | D:8      | Found a stormy altar of Qazlal.
  7220 | D:8      | Found a blossoming altar of Fedhas.
  7576 | D:9      | Reached XP level 10. HP: 66/84 MP: 9/12
  7667 | D:9      | Found Detzehuw's Food Emporium.
  7929 | D:9      | Reached skill level 5 in Invocations
  8112 | D:10     | Entered Level 10 of the Dungeon
  8194 | D:10     | Identified the Volume of the Snowflakes
  8238 | D:10     | Noticed a green ugly thing
  8254 | D:10     | Killed a green ugly thing
  8709 | D:11     | Reached *** piety under the Shining One
  9054 | D:11     | Noticed Gastronok
  9101 | D:11     | Killed Gastronok
  9101 | D:11     | Reached skill level 13 in Long Blades
  9101 | D:11     | Reached XP level 11. HP: 34/95 MP: 6/14
  9690 | D:11     | Found a staircase to the Lair.
  9769 | D:11     | Noticed a four-headed hydra
  9789 | D:11     | Killed a four-headed hydra
  9816 | D:11     | Reached **** piety under the Shining One
  9881 | D:11     | Noticed Nergalle
 10057 | D:11     | Killed Nergalle
 10154 | D:11     | Found a staircase to the Orcish Mines.
 10259 | Lair:1   | Entered Level 1 of the Lair of Beasts
 10541 | Lair:1   | Identified a scroll of acquirement
 10587 | Lair:1   | Reached skill level 10 in Armour
 10620 | Lair:1   | Noticed an eight-headed hydra
 10635 | Lair:1   | Killed a nine-headed hydra
 10635 | Lair:1   | Reached skill level 10 in Shields
 11068 | Lair:2   | Reached XP level 12. HP: 103/106 MP: 16/16
 11399 | Lair:2   | Reached skill level 10 in Fighting
 11421 | Lair:2   | Reached skill level 14 in Long Blades
 12639 | Lair:4   | Got a bone dagger
 12640 | Lair:4   | Identified the cursed +0 dagger of Wuetog {venom, SInv} (You found it on level 4 of the Lair of Beasts)
 12692 | Lair:4   | Found a staircase to the Swamp.
 12696 | Lair:4   | Noticed an eight-headed hydra
 12715 | Lair:4   | Killed an eight-headed hydra
 13194 | Lair:4   | Found a hole to the Spider Nest.
 13880 | Lair:5   | Reached ***** piety under the Shining One
 14017 | Lair:5   | Noticed pk666's ghost (journeyman MiFi)
 14546 | Lair:5   | Killed pk666's ghost
 14934 | Lair:5   | Noticed a seven-headed hydra
 14946 | Lair:5   | Killed a seven-headed hydra
 14946 | Lair:5   | Reached XP level 13. HP: 71/116 MP: 11/18
 15363 | Lair:6   | HP: 5/116 [black mamba (5)]
 15797 | Lair:6   | Reached skill level 15 in Long Blades
 16843 | Lair:7   | Found a runed door.
 16843 | Lair:7   | Found a viscous altar of Jiyva.
 16843 | Lair:7   | Found a staircase to the Slime Pits.
 17139 | Lair:7   | Found a glowing silver altar of Zin.
 17403 | Lair:7   | Reached skill level 10 in Invocations
 17804 | Lair:8   | Entered Level 8 of the Lair of Beasts
 18299 | Lair:8   | Reached XP level 14. HP: 121/127 MP: 18/20
 19230 | Lair:8   | Reached skill level 16 in Long Blades
 19520 | Lair:8   | Got a pitted ring mail
 19522 | Lair:8   | Identified the Handbook of Lucky Dislocation
 19533 | Lair:8   | Learned a level 2 spell: Blink
 19544 | Lair:8   | Identified the +0 ring mail "Aptamemm" {rCorr MP+9 Dex+3} (You found it on level 8 of the Lair of Beasts)
 20305 | Orc:1    | Entered Level 1 of the Orcish Mines
 20328 | Orc:1    | Found a roughly hewn altar of Beogh.
 20481 | Orc:1    | Found a roughly hewn altar of Beogh.
 20797 | Orc:3    | Noticed Nessos
 21602 | Orc:3    | Killed Nessos
 21658 | Orc:3    | Found a roughly hewn altar of Beogh.
 22025 | Orc:4    | Entered Level 4 of the Orcish Mines
 22120 | Orc:4    | Found a staircase to the Elven Halls.
 22351 | Orc:4    | Found Ystoocze's General Store.
 22909 | Orc:4    | Paralysed by an orc sorcerer for 7 turns
 23336 | Orc:4    | Found Pywiev's Magic Scroll Shoppe.
 23340 | Orc:4    | Found Inus's Jewellery Boutique.
 23346 | Orc:4    | Found Ypiohoj's Weapon Boutique.
 23348 | Orc:4    | Found Ireelo's Distillery.
 23449 | Orc:4    | Bought a potion of beneficial mutation for 490 gold pieces
 23457 | Orc:4    | Gained mutation: Your flesh is cold resistant. [potion of beneficial mutation]
 23465 | Orc:4    | Got a steaming plate armour
 23476 | Orc:4    | Identified the +4 plate armour of Hysteria {rC+ MP+9 Int+4 Dex-5} (You acquired it on level 4 of the Orcish Mines)
 23484 | Orc:4    | Bought a scroll of acquirement for 728 gold pieces
 23486 | Orc:4    | Got a pair of spiked boots
 23497 | Orc:4    | Identified the +0 pair of boots of the Orb Guardian {rF+ Int+4} (You acquired it on level 4 of the Orcish Mines)
 23512 | Orc:4    | Bought a potion of curing for 42 gold pieces
 23512 | Orc:4    | Bought 3 potions of heal wounds for 210 gold pieces
 23512 | Orc:4    | Bought a potion of haste for 140 gold pieces
 23920 | Spider:1 | Entered Level 1 of the Spider Nest
 24250 | Spider:1 | Reached ****** piety under the Shining One
 24631 | Spider:2 | Reached XP level 15. HP: 104/136 MP: 16/22
 24915 | Spider:2 | Noticed an emperor scorpion
 25455 | Spider:1 | Slain by a wolf spider

Vault maps used:
D:1:      dpeg_arrival_sounds_slurp, nemelex_deck
D:2:      glass_columns_a, serial_park_tiny_1, uniq_sigmund, uniq_robin,
          uniq_natasha
D:3:      zin_scriptorium, tgw_sif, uniq_crazy_yiuf_cottage
D:4:      corexii_shack_village, first_bread
D:5:      minmay_temple_entry_water_ring, serial_shops, shop, st_stairs_13,
          bloody_makhleb, uniq_edmund, uniq_prince_ribbit1
D:6:      nicolae_overflow_quartered_altars, serial_shops, shop
D:7:      uniq_duvessa
D:8:      grunt_temple_overflow_forces_of_nature, uniq_joseph
D:9:      serial_shops, kennysheep_mini_moat
D:11:     due_lair_maze_entry_diamond, david_orc_4, uniq_gastronok,
          uniq_nergalle
Temple:   circular_temple_12
Lair:1:   nicolae_quartered_pool_little
Lair:2:   cheibrodos_lair_reptile_den
Lair:4:   swamp_mist_pool, spider_nest_entry_funnel_web
Lair:7:   slime_altar_2, lemuel_centaur_altar, grunt_megastairs_4
Lair:8:   evilmike_catoblepas_cave, lemuel_fruit_tree
Spider:2: hangedman_spider_mandibles, uniq_jorgrun
Orc:1:    hangedman_feature_mirror
Orc:3:    basic_altar, nicolae_orc_pool_cavern, uniq_nessos
Orc:4:    st_orc_elflike, serial_shops, nicolae_shop_crystal

Action                   |  1- 3 |  4- 6 |  7- 9 | 10-12 | 13-15 || total
-------------------------+-------+-------+-------+-------+-------++-------
Melee: Long sword        |    41 |   142 |   417 |   829 |  1300 ||  2729
       Short sword       |       |       |       |    55 |    78 ||   133
Invok: Divine Shield     |       |       |       |     1 |     6 ||     7
       Summon Divine War |       |       |       |       |     1 ||     1
Evoke: Wand              |       |     2 |       |     2 |     1 ||     5
  Use: Potion            |     1 |       |       |       |     3 ||     4
       Scroll            |       |       |    19 |     9 |     3 ||    31
 Stab: Petrified         |       |       |       |       |     2 ||     2
       Petrifying        |       |       |       |       |     1 ||     1
  Eat: Chunk             |       |     5 |    16 |    24 |    32 ||    77
       Fruit             |       |       |     1 |     1 |     1 ||     3
       Royal jelly       |       |       |       |       |     1 ||     1
